 Dungeon Crawl Stone Soup version 0.23-a0-890-gc183402 (webtiles) character file.

Game seed: 16333556647079286715

23 redwoodhats the Charlatan (level 2, 0/14 HPs)
             Began as a Spriggan Artificer on Jan 28, 2019.
             Killed from afar by a dart slug (3 damage)
             ... with a slug dart
             ... on level 1 of the Dungeon.
             The game lasted 00:03:22 (688 turns).

redwoodhats the Charlatan (Spriggan Artificer)       Turns: 688, Time: 00:03:23

Health: 0/14       AC:  2    Str:  8    XL:     2   Next: 72%
Magic:  6/6        EV: 19    Int: 12    God:
Gold:   94         SH:  0    Dex: 16    Spells: 1/1 levels left

rFire    . . .     SeeInvis +   a - +0 short sword
rCold    . . .     Gourm    .   (shield restricted)
rNeg     . . .     Faith    .   b - +0 robe
rPois    .         Spirit   .   (helmet restricted)
rElec    .         Reflect  .   (no cloak)
rCorr    .         Harm     .   (gloves unavailable)
MR       .....                  (boots unavailable)
Stlth    ++........             (no amulet)
HPRegen  0.04/turn              (no ring)
MPRegen  0.10/turn              (no ring)

@: very quick
A: very small, unfitting armour, see invisible, herbivore, speed 3, slow
metabolism 2
a: no special abilities


You were on level 1 of the Dungeon.
You were not hungry.

You visited 1 branch of the dungeon, and saw 1 of its levels.

You collected 94 gold pieces.

Inventory:

Hand Weapons
 a - a +0 short sword (weapon)
Armour
 b - a +0 robe (worn)
Wands
 c - a wand of flame (15)
 d - a wand of enslavement (15)
 e - a wand of random effects (15)
Scrolls
 g - a scroll of identify {unknown}
 h - 2 scrolls of fear {unknown}
 i - a scroll of teleportation {unknown}
Potions
 j - a potion of lignification {unknown}
 k - a potion of heal wounds {unknown}
 l - a potion of degeneration {unknown}
Comestibles
 f - 2 rations


   Skills:
 + Level 0.9 Fighting
 + Level 1.2 Short Blades
 + Level 3.8 Dodging
 + Level 1.6 Stealth
 + Level 4.7 Evocations


You had one spell level left.
You didn't know any spells.
Your spell library was empty.

Dungeon Overview and Level Annotations

Branches:
Dungeon (1/15)

Altars:


Innate Abilities, Weirdness & Mutations

You are very small and have problems with some larger weapons.
You are too small for most types of armour.
You have supernaturally acute eyesight. (SInv)
You are a herbivore.
You cover ground extremely quickly.
You need to consume almost no food.


Message History

The dart slug launches a dart at you. The slug dart hits you.
* * * LOW HITPOINT WARNING * * *
You hit the kobold but do no damage.
The kobold is heavily wounded.
The bat closely misses you. The bat misses you.
The kobold hits you but does no damage.
You hit the kobold.
You kill the kobold!
The bat hits you.
* * * LOW HITPOINT WARNING * * *
The dart slug misses you. The dart slug closely misses you.
You see here a +0 whip.
The bat completely misses you.
You hit the bat but do no damage. The bat barely misses you.
The bat misses you. The dart slug launches a dart at you.
The slug dart hits you.
You die...

.###...## #.##.##.############
........# #..................#
..##...## ####.#######..####.#
......## ##+# #..# #.# #.#####
##...## #..# #.# #.# ##
##.....## #...# #.# #.##.##
##.......## #.#.###.#
#.....####.......w.###....##.#
†........+......@b.†.........###
###...####.........#.#.........#
#..## ##.......##.#.#.###.#.#
#.## ##.....###.#.# ###.#.# #.#
##...## #.#.# ..#.# # #.# ##+#
#.#.# #.#.# #.# #.# #†#.# #.#.#
# #.# #.# #.#.###.#.#.# #.#
##.## #...........#


You could see a dart slug and a bat.

Vanquished Creatures
  A dart slug (D:1)
  A leopard gecko (D:1)
  2 bats (D:1)
  3 giant cockroaches (D:1)
  A goblin (D:1)
  A hobgoblin (D:1)
  2 kobolds (D:1)
  A ball python (D:1)
  4 frilled lizards (D:1)
  3 rats (D:1)
19 creatures vanquished.

Notes
Turn   | Place    | Note
-------+----------+-------------------------------------------
     0 | D:1      | redwoodhats the Spriggan Artificer began the quest for the
                  | Orb.
     0 | D:1      | Reached XP level 1. HP: 9/9 MP: 4/4
   332 | D:1      | Reached XP level 2. HP: 13/14 MP: 6/6
   688 | D:1      | Killed from afar by a dart slug

Vault maps used:
D:1:      co_arrival_random_square_maze

Action                   || total
-------------------------++-------
Melee: Short sword       ||    75
 Stab: Sleeping          ||     2
Armor: Robe              ||     9
Dodge: Dodged            ||    88

Table legend:
 A = Non-vault XP
 B = Vault XP
 C = Vault XP percentage of total XP
 D = Non-vault monster count
 E = Vault monster count
 F = Vault count percentage of total count
                 A         B        C        D         E       F
            +---------+---------+-------+---------+---------+-------
      Total |      33 |       0 |   0.0 |      19 |       0 |   0.0
            +---------+---------+-------+---------+---------+-------
        D:1 |      33 |       0 |   0.0 |      19 |       0 |   0.0
            +---------+---------+-------+---------+---------+-------
